 Dungeon Crawl Stone Soup version 0.20.1-1-g8b1a95d66d (webtiles) character file.

137 Gargoyl the Skirmisher (level 5, -1/46 HPs)
             Began as a Centaur Abyssal Knight on Dec 21, 2017.
             Was a Follower of Lugonu.
             Slain by a gnoll
             ... wielding a +0 halberd
              (4 damage)
             ... on level 3 of the Dungeon.
             The game lasted 00:03:50 (2535 turns).

Gargoyl the Skirmisher (Centaur Abyssal Knight)     Turns: 2535, Time: 00:03:51

Health: -1/46      AC:  7    Str: 15    XL:     5   Next: 0%
Magic:  7/7        EV:  4    Int: 11    God:    Lugonu [*.....]
Gold:   257        SH:  0    Dex:  9    Spells: 4/4 levels left

rFire    . . .     SeeInvis .   a - +1 hand axe
rCold    . . .     Gourm    .   (no shield)
rNeg     . . .     Faith    .   r - +0 chain mail
rPois    .         Spirit   .   (no helmet)
rElec    .         Reflect  .   (no cloak)
rCorr    .         Harm     .   (no gloves)
MR       .....                  (no barding)
Stlth    ..........             (no amulet)
Regen    0.2/turn               (no ring)
MPRegen  0.1/turn               (no ring)

@: very quick
A: hooves 3, deformed body, speed 2, tough skin 3
a: Depart the Abyss, Renounce Religion


You were on level 3 of the Dungeon.
You worshipped Lugonu.
Lugonu was aware of your devotion.
You were not hungry.

You visited 1 branch of the dungeon, and saw 4 of its levels.
You visited the Abyss 1 time.

You collected 257 gold pieces.

Inventory:

Hand Weapons
 a - a +1 hand axe (weapon)
Missiles
 p - 2 tomahawks (quivered)
Armour
 r - a +0 chain mail (worn)
Scrolls
 b - a scroll of recharging {unknown}
 e - 2 scrolls of identify
 f - a scroll of remove curse
 g - a scroll of blinking {unknown}
 i - 2 scrolls of enchant weapon {unknown}
 l - a scroll of teleportation
 m - a scroll of immolation {unknown}
Potions
 j - a potion of berserk rage {unknown}
 k - a potion of haste {unknown}
 n - 2 potions of degeneration {unknown}
Comestibles
 c - a bread ration
 d - 2 meat rations
 h - a royal jelly


   Skills:
 + Level 3.7 Fighting
 + Level 2.5 Axes
 * Level 2.5 Armour
 + Level 0.9 Dodging
 * Level 2.9 Invocations


You had 4 spell levels left.
You didn't know any spells.

Dungeon Overview and Level Annotations

Branches:
Dungeon (4/15)
 Temple: D:4-7

Altars:
Qazlal


Innate Abilities, Weirdness & Mutations

You have hooves in place of feet.
Armour fits poorly on your strangely shaped body.
You cover ground very quickly.
You have extremely tough skin. (AC +3)


Message History

The gnoll hits you from afar with a halberd!
You slash the gnoll!
You kill the gnoll!
Lugonu accepts your kill.
You have reached level 5!
The gnoll barely misses you.
You see here a halberd.
Your chain mail prevents you from hitting the gnoll.
The gnoll hits you with a halberd!
* * * LOW HITPOINT WARNING * * *
You closely miss the gnoll. The gnoll hits you with a halberd.
* * * LOW HITPOINT WARNING * * *
You hit the gnoll. Your kick misses the gnoll.
The gnoll is moderately wounded.
The gnoll hits you with a halberd.
* * * LOW HITPOINT WARNING * * *
You hit the gnoll but do no damage.
The gnoll is moderately wounded.
The gnoll hits you with a halberd.
You die...

######### #.........
#..........####
#..).......+..#
####..........##.#
.............. #.#
###.........# #g#
#.........# #g#
#.........#..#@#
###...>†....#..#.#
#...........#..#.#
.(........###..#.#
...............#.#
..........####.#.#
...............#.###
...........#.......#
#..........#.#######


You could see 2 gnolls.

Vanquished Creatures
  2 orc priests (D:4)
  A gnoll (D:3)
  An adder (D:2)
  An ufetubus (Abyss:2)
  2 worms (D:2)
  5 dart slugs
  An orc (D:4)
  6 bats
  4 giant cockroaches
  2 goblins
  5 hobgoblins
  A quokka (D:2)
  A ball python (D:1)
  3 frilled lizards
  4 kobolds (D:1)
  6 rats
45 creatures vanquished.

Notes
Turn   | Place    | Note
-------+----------+-------------------------------------------
     0 | Abyss:1  | Gargoyl the Centaur Abyssal Knight began the quest for the Orb.
     0 | Abyss:1  | Reached XP level 1. HP: 19/19 MP: 2/2
     5 | Abyss:1  | Found a corrupted altar of Lugonu.
    68 | Abyss:2  | Noticed a flying skull
    71 | Abyss:2  | Noticed a flying skull
    72 | Abyss:2  | Noticed a flying skull
    89 | Abyss:2  | Found a corrupted altar of Lugonu.
   130 | Abyss:2  | Noticed a hellwing
   152 | Abyss:2  | Noticed a smoke demon
   154 | D:1      | Escaped the Abyss
   162 | D:1      | Reached XP level 2. HP: 15/26 MP: 1/3
   786 | D:1      | Reached * piety under Lugonu
  1104 | D:1      | Reached XP level 3. HP: 31/31 MP: 4/4
  1318 | D:2      | Found a stormy altar of Qazlal.
  1999 | D:2      | You fall through a shaft for 2 floors!
  2229 | D:4      | Reached XP level 4. HP: 32/38 MP: 5/5
  2530 | D:3      | Reached XP level 5. HP: 20/46 MP: 7/7
  2535 | D:3      | Slain by a gnoll

Skill      XL: |  1  2  3 |
---------------+----------+-----
Axes           | 2 |  2.5
Armour         | 2 |  2.5
Fighting       | |  3.7
Dodging        | |  0.9
Invocations    | |  2.9

Action                   |  1- 3 |  4- 6 || total
-------------------------+-------+-------++-------
Melee: Hand axe          |   123 |    16 ||   139
       Kick              |    12 |     4 ||    16
Invok: Depart the Abyss  |     1 |       ||     1
  Use: Scroll            |     4 |       ||     4
       Potion            |     1 |     1 ||     2
  Eat: Chunk             |     3 |     1 ||     4
Armor: Leather armour    |    64 |       ||    64
       Chain mail        |     9 |     3 ||    12
Dodge: Dodged            |    73 |     4 ||    77
